 Dungeon Crawl Stone Soup version 0.20.0-15-g7f486f2 (webtiles) character file.

119 Nehle the Chopper (level 4, -5/61 HPs)
             Began as a Minotaur Berserker on July 1, 2017.
             Was a Believer of Trog.
             Slain by a gnoll sergeant
             ... wielding a +0 spear
              (7 damage)
             ... on level 3 of the Dungeon.
             The game lasted 00:18:21 (3103 turns).

Nehle the Chopper (Minotaur Berserker)              Turns: 3103, Time: 00:18:21

Health: -5/61      AC:  4    Str: 26    XL:     4   Next: 73%
Magic:  2/2        EV: 12    Int:  7    God:    Trog [**....]
Gold:   198        SH:  0    Dex: 10    Spells: 3/3 levels left

rFire    + . .     SeeInvis +   a - +0 hand axe
rCold    . . .     Gourm    +   (no shield)
rNeg     . . .     Faith    .   b - +0 animal skin
rPois    .         Spirit   .   (helmet restricted)
rElec    .         Reflect  .   (no cloak)
rCorr    .         Harm     .   (no gloves)
MR       ++...                  (no boots)
Stlth    ..........             d - amulet of the gourmand
Regen    1.2/turn               f - ring of see invisible
MPRegen  0.1/turn               t - ring of protection from fire

@: berserking, regenerating, very quick
A: retaliatory headbutt, horns 2, iridescent scales 1, blurry vision 1, clever
1, low mp 1
a: Berserk, Trog's Hand, Burn Spellbooks, Renounce Religion


You were on level 3 of the Dungeon.
You worshipped Trog.
Trog was pleased with you.
You were not hungry.

You visited 1 branch of the dungeon, and saw 3 of its levels.

You collected 198 gold pieces.

Inventory:

Hand Weapons
 a - a +0 hand axe (weapon)
Armour
 b - a +0 animal skin (worn)
 h - a +0 ring mail
 l - a +0 pair of gloves
Jewellery
 d - an amulet of the gourmand (around neck)
 f - a ring of see invisible (left hand)
 k - an uncursed ring of teleportation
 t - a ring of protection from fire (right hand)
Scrolls
 g - a scroll of enchant weapon {unknown}
 i - a scroll of remove curse
 o - 2 scrolls of enchant armour {unknown}
 q - a scroll of recharging {unknown}
 s - a scroll of fear {unknown}
Potions
 e - a potion of haste {unknown}
 j - a potion of flight {unknown}
 m - a potion of curing {unknown}
Comestibles
 c - 2 bread rations
 p - a royal jelly


   Skills:
 - Level 4.4 Fighting
 + Level 5.7 Axes
 - Level 2.7 Armour
 - Level 2.5 Dodging
 - Level 0.1 Stealth


You had 3 spell levels left.
You didn't know any spells.

Dungeon Overview and Level Annotations

Branches:
Dungeon (3/15)

Altars:
Kikubaaqudgha
Uskayaw


Innate Abilities, Weirdness & Mutations

You reflexively headbutt those who attack you in melee.
You have a pair of horns on your head.
You are partially covered in iridescent scales. (AC +2)
Scrolls take you a little longer to read.
Your mind is acute. (Int +2)
Your magical capacity is low. (-10% MP)


Message History

The gnoll barely misses you.
A red film seems to cover your vision as you go berserk!
You feel yourself moving faster!
You feel mighty! The giant cockroach bites you.
The gnoll sergeant hits you from afar with a spear.
* * * LOW HITPOINT WARNING * * *
The gnoll hits you from afar with a spear!
* * * LOW HITPOINT WARNING * * *
You closely miss the giant cockroach.
Your headbutt misses the giant cockroach.
The giant cockroach is severely wounded.
The giant cockroach misses you. You furiously retaliate!
You headbutt the giant cockroach!
You kill the giant cockroach!
Trog accepts your kill.
The gnoll sergeant hits you from afar with a spear!
* * * LOW HITPOINT WARNING * * *
The gnoll misses you.
The gnoll sergeant hits you with a spear!
You die...

#...........#.#..#
#.#....#
#..........##.#..#
#.#....#
######.#####.#..##
.#....# #........#
#.#...# #....#
#........###.#...#
#....#
#..........#.# ..##
#....#
######.#.#.#.#....#
###.## #.#.#.#.#..#
#.# ....#@#...g#.#.
#.###
.#.###ggg.......
#.... #.#.
#######.#.. ##### #
# # # # # # #


You could see a gnoll sergeant and 2 gnolls.

Vanquished Creatures
  2 gnolls
  An adder (D:3)
  An ooze (D:3)
  A worm (D:2)
  3 dart slugs
  3 leopard geckos
  4 orcs (D:3)
  4 giant cockroaches
  6 goblins
  10 hobgoblins
  4 jackals (D:3)
  7 kobolds
  A quokka (D:2)
  2 ball pythons (D:1)
  6 bats
  6 frilled lizards
  8 rats
  2 rat zombies (D:2)
71 creatures vanquished.

Notes
Turn   | Place    | Note
-------+----------+-------------------------------------------
     0 | D:1      | Nehle the Minotaur Berserker began the quest for the Orb.
     0 | D:1      | Reached XP level 1. HP: 19/19 MP: 0/0
   105 | D:1      | Reached skill level 4 in Axes
   105 | D:1      | Reached XP level 2. HP: 2/27 MP: 1/1
   847 | D:1      | Reached XP level 3. HP: 20/33 MP: 2/2
  1573 | D:2      | Reached ** piety under Trog
  1905 | D:2      | Noticed a hand axe
  1905 | D:2      | Noticed a dagger
  1906 | D:2      | Found a hide-covered altar of Uskayaw.
  2051 | D:2      | Found an ancient bone altar of Kikubaaqudgha.
  2320 | D:3      | Reached XP level 4. HP: 27/41 MP: 3/3
  2343 | D:3      | Gained mutation: Your magical capacity is low. (-10% MP) [potion of mutation]
  2343 | D:3      | Gained mutation: Scrolls take you a little longer to read. [potion of mutation]
  2343 | D:3      | Gained mutation: Your mind is acute. (Int +2) [potion of mutation]
  2343 | D:3      | Gained mutation: You are partially covered in iridescent scales. (AC +2) [potion of mutation]
  2347 | D:3      | Reached skill level 5 in Axes
  3087 | D:3      | Noticed a gnoll sergeant
  3102 | D:3      | HP: 1/61 [gnoll sergeant/spear (7)]
  3103 | D:3      | Slain by a gnoll sergeant

Skill      XL: |  1  2  3  4 |
---------------+-------------+-----
Axes           | 4 5 |  5.7
Fighting       | 4 |  4.4
Armour         | |  2.7
Dodging        | |  2.5
Stealth        | |  0.1

Action                   |  1- 3 |  4- 6 || total
-------------------------+-------+-------++-------
Melee: Hand axe          |    83 |    50 ||   133
       Headbutt          |    14 |     8 ||    22
Invok: Berserk           |     1 |     2 ||     3
       Trog's Hand       |       |     2 ||     2
  Use: Scroll            |     1 |     2 ||     3
       Potion            |       |     2 ||     2
 Stab: Sleeping          |     1 |     1 ||     2
  Eat: Chunk             |     8 |     6 ||    14
Armor: Animal skin       |    13 |    14 ||    27
Dodge: Dodged            |    47 |    35 ||    82
